 Dungeon Crawl Stone Soup version 0.31-b1-20-g67cafac56d (webtiles) character file.

Game seed: 2087109046135740260

77 solopath the Trooper (level 4, -1/73 HPs)
             Began as an Oni Berserker on Jan 18, 2024.
             Was a Follower of Trog.
             Slain by a goblin
             ... wielding a +0 club
              (3 damage)
             ... on level 2 of the Dungeon.
             The game lasted 00:01:00 (829 turns).

solopath the Trooper (Oni Berserker)                 Turns: 829, Time: 00:01:00

Health: -1/73      AC:  3    Str: 23    XL:     4   Next: 34%
Magic:  4/4        EV: 10    Int:  8    God:    Trog [*.....]
Gold:   88         SH:  0    Dex:  8    Spells: 3/3 levels left

rFire   . . .        a - +0 mace
rCold   . . .        (no shield)
rNeg    . . .        b - +0 animal skin
rPois   .            (helmet restricted)
rElec   .            (no cloak)
rCorr   .            (gloves unavailable)
SInv    .            (boots unavailable)
Will    .....        (no amulet) Stlth
                     (no ring)
HPRegen 0.32/turn    (no ring)
MPRegen 0.09/turn

%: no passive effects
@: berserking, slowed
A: large, unfitting armour, horns 1, tough skin 1, double potion healing,
drunken brawling
a: Renounce Religion, Berserk


You were on level 2 of the Dungeon.
You worshipped Trog.
Trog was aware of your devotion.
You visited 1 branch of the dungeon, and saw 2 of its levels.

You collected 88 gold pieces.

Inventory:

Hand Weapons
 a - a +0 mace (weapon)
Armour
 b - a +0 animal skin (worn)
Scrolls
 f - a scroll of teleportation {unknown}
 g - a scroll of identify {unknown}
 h - a scroll of fog {unknown}
 i - a scroll of vulnerability {unknown}
Potions
 c - a potion of brilliance {unknown}
 d - a potion of heal wounds {unknown}
 e - a potion of magic {unknown}
 j - a potion of mutation {unknown}


   Skills:
 + Level 4.9 Fighting
 * Level 4.2 Maces & Flails
 + Level 1.0 Armour
 - Level 2.6 Dodging


You had 3 spell levels left.
You didn't know any spells.
Your spell library was empty.

Dungeon Overview and Level Annotations

Branches:
Dungeon (2/15)

Altars:

Shops:
D:1 [


Innate Abilities, Weirdness & Mutations

You are too large for most types of armour.
You have a pair of small horns on your head.
You have tough skin. (AC +1)
You gain doubled healing and magic from potions.
Whenever you drink a healing potion, you attack all around you.


Message History

You are too injured to fight recklessly!
You are too injured to fight recklessly!
You are too injured to fight recklessly!
You are too injured to fight recklessly!
You are too injured to fight recklessly!
You are too injured to fight recklessly!
You are too injured to fight recklessly!
You are too injured to fight recklessly!
You are too injured to fight recklessly!
You are too injured to fight recklessly!
You are too injured to fight recklessly!
Unknown command.
A red film seems to cover your vision as you go berserk!
You feel yourself moving faster!
You feel mighty! The goblin barely misses you. Natasha barely misses you.
You hit Natasha.
Natasha is heavily wounded.
The goblin hits you with a +0 club. Natasha casts a spell at you.
The magic dart hits you!
* * * LOW HITPOINT WARNING * * *
You hit Natasha but do no damage. Your headbutt misses Natasha.
Natasha is heavily wounded.
The goblin hits you with a +0 club.
* * * LOW HITPOINT WARNING * * *
Natasha misses you. The goblin hits you with a +0 club.
* * * LOW HITPOINT WARNING * * *
Natasha claws you.
* * * LOW HITPOINT WARNING * * *
Unknown command.
You sock Natasha!
You kill Natasha!
Trog accepts your kill.
Trog appreciates your killing of a magic user.
Natasha screams in pain as she dies!
The goblin barely misses you.
Your Armour skill increases to level 1!
You have reached level 4!
You closely miss the goblin. The goblin hits you with a +0 club.
You die...

...........#..
#.........####.#..####.#
#.........####.#....†..#
#.........##.......#####
#.........##.#........##
#.........##.#...##.#.##
#.........##.#......#...
#.....g...##...#....##..
#......@..#########.##..
#..^...)?.# #....#.##..
##.......#####.##.#.##..
#.#####........#.#.##..
# #..#######...##..
...... ######..
........# ### #......#.#
#.####...#


You could see a goblin.

Vanquished Creatures
  Natasha (twice) (D:2)
  3 ball pythons
  2 endoplasms
  A giant cockroach (D:1)
  4 goblins
  3 hobgoblins
  3 jackals (D:1)
  A kobold (D:1)
  2 quokkas (D:1)
  2 bats (D:1)
  2 frilled lizards (D:2)
  2 rats (D:1)
27 creatures vanquished.

Notes
Turn   | Place    | Note
-------+----------+-------------------------------------------
     0 | D:1      | solopath the Oni Berserker began the quest for the Orb.
     0 | D:1      | Reached XP level 1. HP: 24/24 MP: 1/1
   159 | D:1      | Reached XP level 2. HP: 15/32 MP: 2/2
   260 | D:1      | Found Moopauv's Armour Boutique.
   442 | D:1      | Reached XP level 3. HP: 37/40 MP: 3/3
   459 | D:1      | Found a faded altar of an unknown god.
   683 | D:2      | Noticed Natasha
   687 | D:2      | Killed Natasha
   818 | D:2      | Noticed Natasha
   827 | D:2      | HP: 1/60 [Natasha (5)]
   828 | D:2      | Killed Natasha
   829 | D:2      | Reached skill level 1 in Armour
   829 | D:2      | Reached XP level 4. HP: 1/49 MP: 4/4
   829 | D:2      | Slain by a goblin

Illustrated notes

Levels and vault maps discovered:
D:1:      amcnicky_arrival_flooded_fountain, layout_rooms,
          shapermc_ecumenical_altar_hornbeckon, serial_shops,
          nicolae_shop_waterfront
D:2:      layout_basic, basic_altar, uniq_natasha, uniq_jessica, uniq_robin

Skill      XL: |  1  2  3 |
---------------+----------+-----
Maces & Flails | 4 |  4.2
Armour         | 1 |  1.0
Fighting       | |  4.9
Dodging        | |  2.6

Action                     |  1- 3 |  4- 6 || total
---------------------------+-------+-------++-------
  Melee: Mace              |    85 |     1 ||    86
         Headbutt          |    11 |       ||    11
 Invoke: Berserk           |     1 |       ||     1
 Armour: Animal skin       |    63 |     1 ||    64
  Dodge: Dodged            |    68 |       ||    68
